[Event "Fagernes Chess Open 2024"]
[Site "Fagernes"]
[Date "2024.03.27"]
[Round "4.6"]
[White "Vollheim, Daniel O"]
[Black "Ali, Karim"]
[Result "0-1"]
[ECO "E11"]
[WhiteElo "1713"]
[BlackElo "1855"]
[Annotator "NA RC"]
[PlyCount "92"]
[EventDate "2024.03.25"]
[EventType "swiss"]
[EventCountry "NOR"]
[SourceTitle "playchess.com"]
[Source "ChessBase"]
[SourceQuality "1"]
[TimeControl "40/6000+30:2400+30"]

1. d4 Nf6 2. c4 e6 3. Nf3 Bb4+ 4. Bd2 Qe7 5. a3 Bxd2+ 6. Nbxd2 d6 7. e3 O-O 8. Be2 e5 9. d5 e4 10. Nd4 c5 11. dxc6 bxc6 12. O-O c5 13. Nb5 a6 14. Nc3 Bf5 15. Qc2 Bg6 16. Rfd1 Nc6 17. h3 Qe5 18. Nf1 Ne7 19. Rd2 Rfd8 20. Rad1 Rab8 21. Ng3 h5 22. h4 Nf5 23. Nxf5 Bxf5 24. b3 g6 25. Nd5 a5 26. g3 Rb7 27. Kg2 Ne8 28. Qb2 Qxb2 29. Rxb2 Rdb8 30. Rdb1 Kg7 31. Bd1 Nf6 32. Nxf6 Kxf6 33. Rd2 Ke7 34. Bc2 a4 35. Bd1 Be6 36. Be2 Rxb3 37. Rbd1 R8b6 38. Rc1 Rxa3 39. Bd1 Rb4 40. Rdc2 f6 41. Kf1 Rd3 42. Be2 Rdb3 43. Bd1 Rb1 44. Be2 a3 45. Rxb1 Rxb1+ 46. Kg2 Rb2 0-1

[Event "Fagernes Chess Open 2024"]
[Site "Fagernes"]
[Date "2024.03.27"]
[Round "4.7"]
[White "Halvorsen, Benjamin"]
[Black "Nordahl, Christine"]
[Result "1-0"]
[ECO "B38"]
[WhiteElo "1848"]
[BlackElo "1673"]
[Annotator "NA RC"]
[PlyCount "109"]
[EventDate "2024.03.25"]
[EventType "swiss"]
[EventCountry "NOR"]
[SourceTitle "playchess.com"]
[Source "ChessBase"]
[SourceQuality "1"]
[TimeControl "40/6000+30:2400+30"]

1. e4 c5 2. Nf3 g6 3. d4 cxd4 4. Nxd4 Nc6 5. c4 Bg7 6. Be3 Nf6 7. Nc3 Nxd4 8. Bxd4 O-O 9. Be2 d6 10. O-O Bd7 11. h3 Bc6 12. Qc2 e6 13. Rfd1 Qe7 14. b4 b6 15. a4 Rfc8 16. a5 bxa5 17. Rxa5 Nd7 18. Bxg7 Kxg7 19. Qd2 Nf6 20. Qxd6 Qxd6 21. Rxd6 Nxe4 22. Rxc6 Nxc3 23. Bf3 Rxc6 24. Bxc6 Rc8 25. b5 Ne2+ 26. Kf1 Nd4 27. Ra6 Kf6 28. f4 Nxc6 29. bxc6 Kf5 30. Rxa7 Rxc6 31. Rxf7+ Ke4 32. Rxh7 Kxf4 33. Rh4+ Kf5 34. Ke2 g5 35. Rd4 e5 36. g4+ Ke6 37. Re4 Rb6 38. Re3 Rb2+ 39. Kd3 Rb1 40. Kc2 Rb4 41. Rc3 e4 42. c5 Kd7 43. c6+ Kc7 44. Kd2 Rd4+ 45. Ke3 Ra4 46. Rc5 Ra3+ 47. Kxe4 Rxh3 48. Kf5 Rh8 49. Kxg5 Kd6 50. Rc1 Ra8 51. c7 Kd7 52. c8=Q+ Rxc8 53. Rxc8 Kxc8 54. Kf6 Kd7 55. Kf7 1-0

[Event "Fagernes Chess Open 2024"]
[Site "Fagernes"]
[Date "2024.03.27"]
[Round "4.8"]
[White "Lahlum, Ida"]
[Black "Kristiansen, David"]
[Result "1-0"]
[ECO "E21"]
[WhiteElo "1755"]
[BlackElo "1625"]
[Annotator "NA RC"]
[PlyCount "105"]
[EventDate "2024.03.25"]
[EventType "swiss"]
[EventCountry "NOR"]
[SourceTitle "playchess.com"]
[Source "ChessBase"]
[SourceQuality "1"]
[TimeControl "40/6000+30:2400+30"]

1. d4 Nf6 2. c4 e6 3. Nc3 Bb4 4. Qc2 b6 5. Nf3 Bb7 6. Bd2 Bxc3 7. Bxc3 d6 8. e3 Nbd7 9. Bd3 h6 10. e4 O-O 11. O-O c5 12. d5 e5 13. g3 Nh7 14. Nh4 Bc8 15. Nf5 Ndf6 16. f4 g6 17. fxe5 Ng4 18. Nxd6 Ne3 19. Qf2 Nxf1 20. Rxf1 Ng5 21. Qd2 Bg4 22. h4 Nf3+ 23. Rxf3 Bxf3 24. Qxh6 Qe7 25. e6 f6 26. Qxg6+ Qg7 27. Qxg7+ Kxg7 28. e7 Rg8 29. Nf5+ Kg6 30. d6 Bg4 31. d7 Bxf5 32. exf5+ Kf7 33. d8=Q Raxd8 34. exd8=Q Rxd8 35. Be4 Re8 36. Bd5+ Ke7 37. Kf2 Rh8 38. Kf3 Rh6 39. Kf4 a5 40. a4 Rh5 41. Be1 Rh7 42. g4 Rg7 43. g5 Rh7 44. g6 Rg7 45. h5 Kf8 46. h6 Re7 47. Be6 b5 48. g7+ Rxg7 49. hxg7+ Kxg7 50. cxb5 c4 51. b6 c3 52. Bxc3 Kh8 53. b7 1-0

[Event "Fagernes Chess Open 2024"]
[Site "Fagernes"]
[Date "2024.03.27"]
[Round "4.9"]
[White "Nordahl, Frederik"]
[Black "Johansson, Henrik"]
[Result "1/2-1/2"]
[ECO "B01"]
[WhiteElo "1675"]
[BlackElo "1736"]
[Annotator "NA RC"]
[PlyCount "63"]
[EventDate "2024.03.25"]
[EventType "swiss"]
[EventCountry "NOR"]
[SourceTitle "playchess.com"]
[Source "ChessBase"]
[SourceQuality "1"]
[TimeControl "40/6000+30:2400+30"]

1. e4 d5 2. exd5 Nf6 3. d4 Bg4 4. Bb5+ c6 5. dxc6 Qa5+ 6. Nc3 bxc6 7. f3 cxb5 8. fxg4 Nc6 9. g5 Nd5 10. Bd2 Nxc3 11. bxc3 e6 12. Nf3 g6 13. O-O Bg7 14. d5 Ne5 15. Nxe5 Bxe5 16. dxe6 Qb6+ 17. Kh1 Qxe6 18. Qe2 O-O 19. Qxb5 Qd6 20. h3 Qxd2 21. Qxe5 Rae8 22. Qd4 Qxg5 23. Qxa7 Qd2 24. a4 Qxc3 25. Rfc1 Re2 26. a5 Rxc2 27. Rf1 Qg3 28. Qb7 Rc7 29. Qb6 Rc2 30. Rg1 Rb8 31. Qd4 Rbb2 32. Qd8+ 1/2-1/2

[Event "Fagernes Chess Open 2024"]
[Site "Fagernes"]
[Date "2024.03.27"]
[Round "5.1"]
[White "Sushrutha, Reddy"]
[Black "Strand, Amund Pihl"]
[Result "0-1"]
[ECO "B22"]
[WhiteElo "1707"]
[BlackElo "1860"]
[Annotator "NA RC"]
[PlyCount "122"]
[EventDate "2024.03.25"]
[EventType "swiss"]
[EventCountry "NOR"]
[SourceTitle "playchess.com"]
[Source "ChessBase"]
[SourceQuality "1"]
[TimeControl "40/6000+30:2400+30"]

1. e4 c5 2. Nf3 e6 3. c3 Nf6 4. e5 Nd5 5. d4 cxd4 6. cxd4 d6 7. Nc3 Nc6 8. Bd3 dxe5 9. dxe5 Ndb4 {[%emt 0:18:13] B22: Sizilianisch (Alapin 2.c3).} 10. Bb1 Qxd1+ 11. Nxd1 Nd5 12. O-O Bc5 13. Nc3 Nxc3 14. bxc3 O-O 15. Be4 h6 16. Rb1 Rd8 17. Rb5 Bb6 18. Ba3 Bd7 19. Bd6 Rac8 20. Rd1 Na5 21. Rxb6 axb6 22. Be7 Bc6 23. Rxd8+ Rxd8 24. Bxd8 Bxe4 25. Bxb6 Nc4 26. Bc7 Kf8 27. Nd4 Ke7 28. f4 Kd7 29. Bb8 Kc8 30. Bd6 Nxd6 31. exd6 Kd7 32. Kf2 Kxd6 33. g3 Kd5 34. Ke3 Bb1 35. a3 Kc4 36. Kd2 Be4 37. Ke3 Bd5 38. Kd2 g6 39. Kc2 f6 40. Kd2 e5 41. fxe5 fxe5 42. Nc2 Kb3 43. Ne3 Be6 44. Kd3 Bf5+ 45. Kd2 b5 46. g4 Be4 47. g5 h5 48. Nf1 Kxa3 49. Ke3 Bd5 50. Nd2 Kb2 51. Kd3 e4+ 52. Kd4 $19 e3 53. Kxe3 Kxc3 54. Nb1+ Kb2 55. Nd2 b4 56. Kd4 Bg8 57. Ne4 Kc2 58. Nc5 b3 59. Nxb3 Bxb3 60. Ke5 Kd2 61. Kf6 Bc2 0-1

[Event "Fagernes Chess Open 2024"]
[Site "Fagernes"]
[Date "2024.03.27"]
[Round "5.2"]
[White "Kittilsen, Sigurd"]
[Black "Hausken, Andreas Skrede"]
[Result "1/2-1/2"]
[ECO "C45"]
[WhiteElo "1910"]
[BlackElo "1963"]
[Annotator "NA RC"]
[PlyCount "101"]
[EventDate "2024.03.25"]
[EventType "swiss"]
[EventCountry "NOR"]
[SourceTitle "playchess.com"]
[Source "ChessBase"]
[SourceQuality "1"]
[TimeControl "40/6000+30:2400+30"]

1. e4 e5 2. Nf3 Nc6 3. d4 exd4 4. Nxd4 Qf6 5. Nxc6 Bc5 6. Qf3 bxc6 7. Nd2 a5 8. a4 Bd4 9. Qxf6 Nxf6 10. c3 Bb6 11. Bd3 O-O 12. h3 Re8 13. O-O Ba6 14. Bxa6 Rxa6 15. Re1 d5 16. e5 Nd7 17. Nf3 Bc5 18. Bf4 Nf8 19. Be3 Bxe3 20. Rxe3 Rb8 21. Rb1 Rab6 22. Re2 c5 23. Ne1 Rb3 24. Rc2 Ne6 25. Rd1 c6 26. Rdd2 c4 27. Nf3 Nc5 28. Nd4 R3b6 29. Nxc6 Rxc6 30. Rxd5 Nb3 31. Re2 Re8 32. f4 Rc5 33. Rd7 Nc1 34. Re4 Nd3 35. b3 Nb2 36. Rd2 cxb3 37. Rxb2 Rxc3 38. Rd4 Rec8 39. Rd5 R3c4 40. Rxa5 Rxf4 41. Rxb3 Rc1+ 42. Kh2 h6 43. Ra8+ Kh7 44. Rf3 Rcc4 45. a5 Rfe4 46. Rxf7 Rxe5 47. Raa7 Rg5 48. Rf3 Ra4 49. a6 Rg6 50. Rg3 Raxa6 51. Rxg6 1/2-1/2

[Event "Fagernes Chess Open 2024"]
[Site "Fagernes"]
[Date "2024.03.27"]
[Round "5.3"]
[White "Spanton, Tim R"]
[Black "Brattgjerd, August Minh"]
[Result "1/2-1/2"]
[ECO "C01"]
[WhiteElo "1876"]
[BlackElo "1689"]
[Annotator "NA RC"]
[PlyCount "103"]
[EventDate "2024.03.25"]
[EventType "swiss"]
[EventCountry "NOR"]
[SourceTitle "playchess.com"]
[Source "ChessBase"]
[SourceQuality "1"]
[TimeControl "40/6000+30:2400+30"]

1. e4 e6 2. d4 d5 3. exd5 exd5 4. Nf3 Bd6 5. c4 c6 6. Nc3 Ne7 7. Bd3 O-O 8. O-O dxc4 9. Bxc4 Bg4 10. Re1 Qc7 11. h3 Bh5 12. Qe2 Nd7 13. Ne4 Bb4 14. Rd1 Rae8 15. Bd2 Bxd2 16. Rxd2 Nd5 17. Qd3 Nf4 18. Qe3 Bg6 19. Ne5 Nxe5 20. Qxf4 Nf3+ 21. Qxf3 Bxe4 22. Qb3 Rd8 23. Rad1 Bd5 24. Re2 Rfe8 25. Rxe8+ Rxe8 26. Bxd5 cxd5 27. Qxd5 Qc2 28. Qb3 Qxb3 29. axb3 Rd8 30. Kf1 Kf8 31. Ke2 Rd5 32. Ke3 Ke7 33. Rc1 Kd7 34. f4 Rb5 35. Rc3 f5 36. Kd3 Rb6 37. g4 g6 38. Kd2 Rb4 39. Rd3 Rb6 40. gxf5 gxf5 41. Rg3 Rh6 42. Kd3 Kd6 43. Kc4 a6 44. d5 Rh4 45. Rf3 b6 46. b4 b5+ 47. Kd4 h6 48. b3 h5 49. Ke3 Kxd5 50. Kd3 Kc6 51. Kc3 Kd5 52. Kd3 1/2-1/2

[Event "Fagernes Chess Open 2024"]
[Site "Fagernes"]
[Date "2024.03.27"]
[Round "5.4"]
[White "Ali, Karim"]
[Black "Lahlum, Ida"]
[Result "1-0"]
[ECO "B01"]
[WhiteElo "1855"]
[BlackElo "1755"]
[Annotator "NA RC"]
[PlyCount "67"]
[EventDate "2024.03.25"]
[EventType "swiss"]
[EventCountry "NOR"]
[SourceTitle "playchess.com"]
[Source "ChessBase"]
[SourceQuality "1"]
[TimeControl "40/6000+30:2400+30"]

1. e4 d5 2. exd5 Qxd5 3. Nf3 Nf6 4. d4 c6 5. c4 Qa5+ 6. Bd2 Qc7 7. Nc3 Bf5 8. Be2 Nbd7 9. Nh4 Bg6 10. O-O e6 11. Be3 O-O-O 12. Qa4 Kb8 13. b4 Nb6 14. Qb3 Be7 15. g3 Ka8 16. a4 Be4 17. Nxe4 Nxe4 18. Nf3 g5 19. a5 Nd7 20. b5 c5 21. b6 Qc6 22. bxa7 Kxa7 23. Rfb1 f5 24. d5 exd5 25. cxd5 Qc7 26. Bd3 Bf6 27. Bxe4 fxe4 28. Nxg5 Bxa1 29. Ne6 Qc8 30. Nxc5 Nxc5 31. Qb6+ Ka8 32. Bxc5 Qb8 33. a6 Rd7 34. Rxa1 1-0

[Event "Fagernes Chess Open 2024"]
[Site "Fagernes"]
[Date "2024.03.27"]
[Round "5.5"]
[White "Kuzmenko, Mykhailo"]
[Black "Halvorsen, Benjamin"]
[Result "0-1"]
[ECO "B13"]
[WhiteElo "1747"]
[BlackElo "1848"]
[Annotator "NA RC"]
[PlyCount "97"]
[EventDate "2024.03.25"]
[EventType "swiss"]
[EventCountry "NOR"]
[SourceTitle "playchess.com"]
[Source "ChessBase"]
[SourceQuality "1"]
[TimeControl "40/6000+30:2400+30"]

1. d4 d5 2. Bf4 c5 3. e3 cxd4 4. exd4 Nc6 5. c3 f6 6. Bd3 {[%emt 0:02:50] B13: Caro-Kann (Abtausch-Variante 4.c4).} e5 7. Qh5+ g6 8. Bxg6+ hxg6 9. Qxg6+ Kd7 10. dxe5 fxe5 11. Bg3 Qf6 12. Qd3 Nge7 13. Nd2 Bh6 14. Ne4 Qg6 15. Rd1 Kc7 16. Nc5 Qxd3 17. Nxd3 Ng6 18. Ne2 Bf5 19. O-O Rad8 20. b4 b5 21. Nd4 Nxd4 22. cxd4 Bxd3 23. Rxd3 Nf4 24. Bxf4 exf4 25. g4 Bg5 26. Kg2 Rhe8 27. Rh1 Bh4 28. Rf3 Re4 29. Rd1 Bf6 30. Rfd3 Kb6 31. Rh3 Rxd4 32. Re1 Re4 33. Rxe4 dxe4 34. Rh6 Rd6 35. h4 Kc6 36. g5 Bc3 37. Rh7 Re6 38. Kf1 e3 39. fxe3 fxe3 40. Ke2 Bd4 41. h5 Re5 42. g6 Rg5 43. Kd3 Kd6 44. Rh6 Kd5 45. Rh7 Ke6 46. Rh6 (46. Kxd4 {leads to mate.} e2 47. Rc7 e1=Q (47... e1=R $2 48. Rc6+ Kf5 49. Rc5+ Kg4 50. h6 $19) (47... Rd5+ {is a self mate.} 48. Kc3 e1=Q+ 49. Kb2 Qe5+ 50. Kc2 Qxc7+ 51. Kb1 Rd1+ 52. Kb2 Qc1+ 53. Kb3 Rd3#) 48. Rc6+ Kd7 49. Rc3 Rg4+ (49... Rxh5 {gets mated.} 50. Rf3 Rh4+ 51. Kd3 Qe4+ 52. Kc3 Qxf3+ 53. Kd2 Rh2+ 54. Ke1 Qh1#) (49... Qe5+ 50. Kd3 Rg3+ 51. Kd2 Rxc3 52. Kd1 Qe3 53. g7 Rc1#) 50. Kd3 Qe4+ (50... Rxb4 51. Kc2 Qe4+ 52. Rd3+ Rd4 53. Kd2 Rxd3+ 54. Kc1 Qe2 55. h6 Rd1#) (50... Rg3+ 51. Kd4 Qxc3+ 52. Kd5 Qe3 53. h6 Rg5#) 51. Kd2 Rg2+ (51... Qxb4 52. h6 Rg2+ 53. Kd3 Rg3+ 54. Kd2 Rxc3 55. g7 Qb2+ 56. Ke1 Rc1#) 52. Kd1 Qe2+ 53. Kc1 Rg1#) (46. Rc7 $19 Bb6 47. Rc8) 46... Rg2 47. g7+ Kd5 48. Rd6+ Kxd6 49. h6 0-1

[Event "Fagernes Chess Open 2024"]
[Site "Fagernes"]
[Date "2024.03.27"]
[Round "5.6"]
[White "Andersen, Dag"]
[Black "Lie, Bjorn"]
[Result "1-0"]
[ECO "D03"]
[WhiteElo "1899"]
[BlackElo "1690"]
[Annotator "NA RC"]
[PlyCount "105"]
[EventDate "2024.03.25"]
[EventType "swiss"]
[EventCountry "NOR"]
[SourceTitle "playchess.com"]
[Source "ChessBase"]
[SourceQuality "1"]
[TimeControl "40/6000+30:2400+30"]

1. d4 Nf6 2. Nf3 g6 3. Bg5 Bg7 4. Nbd2 d5 5. e3 c6 6. Bd3 Nbd7 7. O-O O-O 8. h3 {[%emt 0:00:49] D03: 1 d4 d5 2 Nf3 Nf6 3 Bg5, including Torre Attack with early ...d5.} Re8 9. Bf4 Nh5 10. Bh2 e5 11. dxe5 Nxe5 12. Nxe5 Bxe5 13. Bxe5 Rxe5 14. Nf3 Re8 15. c3 Ng7 16. Qc2 Qf6 17. Nh2 Qg5 18. Kh1 Bf5 19. Rae1 Bxd3 20. Qxd3 Qf5 21. Qd2 Qe4 22. Nf3 Nf5 23. Qd1 Nh4 24. Nxh4 Qxh4 25. Qb3 Re7 26. Rd1 Qc4 27. Qxc4 dxc4 28. Rd4 b5 29. Rfd1 Rc8 30. g4 Rcc7 31. Kg2 Kg7 32. g5 Re6 33. h4 h5 34. Kf3 Ree7 35. Rd6 Re6 36. Kf4 Rce7 37. Rxe6 Rxe6 38. e4 a5 39. e5 Kf8 40. a3 Ke7 41. Ke4 c5 42. f4 Rc6 43. f5 Rc7 44. f6+ Ke8 45. Rd6 a4 46. Kd5 b4 47. Rc6 bxa3 48. bxa3 $18 (48. Rxc7 $142 Kd8 49. Kc6 (49. Rxf7 axb2 50. Kd6 Kc8 51. Rc7+ Kb8 52. f7 b1=Q 53. f8=Q#) 49... axb2 50. e6 (50. Rxf7 Ke8 51. Re7+ Kf8 52. Kd7 Kg8 53. Ke8 Kh8 54. f7 b1=Q 55. f8=Q#) 50... b1=Q 51. e7+ Ke8 52. Rc8#) 48... Rb7 49. Kxc5 Rb3 50. Kxc4 Rxa3 51. Kd5 Ra2 52. Ra6 Rd2+ 53. Kc6 1-0

[Event "Fagernes Chess Open 2024"]
[Site "Fagernes"]
[Date "2024.03.27"]
[Round "5.7"]
[White "Odden, Jan Ove"]
[Black "Yilmaz, Kazim"]
[Result "0-1"]
[ECO "D43"]
[WhiteElo "1723"]
[BlackElo "1805"]
[Annotator "NA RC"]
[PlyCount "100"]
[EventDate "2024.03.25"]
[EventType "swiss"]
[EventCountry "NOR"]
[SourceTitle "playchess.com"]
[Source "ChessBase"]
[SourceQuality "1"]
[TimeControl "40/6000+30:2400+30"]

1. d4 Nf6 2. c4 e6 3. Nc3 Bb4 4. Qc2 d5 5. Nf3 c6 6. Bg5 Nbd7 7. a3 Bxc3+ 8. bxc3 Qa5 9. cxd5 exd5 10. Bxf6 Nxf6 11. Nd2 O-O 12. e3 b6 13. a4 Ne4 14. Nxe4 dxe4 15. Qd2 Ba6 16. c4 Qxd2+ 17. Kxd2 Rfd8 18. h4 Bc8 19. Be2 Be6 20. Rac1 a6 21. Rhd1 Rab8 22. Ke1 b5 23. cxb5 axb5 24. axb5 cxb5 25. Rc5 Rd5 26. Rxd5 Bxd5 27. Rb1 b4 28. Kd2 Kf8 29. f3 f5 30. fxe4 fxe4 31. Bd1 Ke7 32. Bb3 Kd6 33. Bxd5 Kxd5 34. Rc1 Ra8 35. Rc5+ Kd6 36. Kc1 Ra3 37. Rb5 Rxe3 38. Rxb4 Kd5 39. Rb5+ Kxd4 40. Rg5 g6 41. Kd2 Ra3 42. h5 gxh5 43. Rxh5 Ra2+ 44. Ke1 Kd3 45. Rxh7 Ra1+ 46. Kf2 e3+ 47. Kf3 Rf1+ 48. Kg4 e2 49. Rd7+ Kc4 50. Rc7+ Kd5 0-1

[Event "Fagernes Chess Open 2024"]
[Site "Fagernes"]
[Date "2024.03.27"]
[Round "5.8"]
[White "Johansson, Henrik"]
[Black "Shehzad, Alina"]
[Result "1/2-1/2"]
[ECO "D05"]
[WhiteElo "1736"]
[BlackElo "1670"]
[Annotator "NA RC"]
[PlyCount "56"]
[EventDate "2024.03.25"]
[EventType "swiss"]
[EventCountry "NOR"]
[SourceTitle "playchess.com"]
[Source "ChessBase"]
[SourceQuality "1"]
[TimeControl "40/6000+30:2400+30"]

1. d4 d5 2. Nf3 e6 3. e3 Be7 4. Bd3 Nf6 5. b3 O-O 6. Bb2 Nbd7 7. Nbd2 c5 8. O-O b6 9. Ne5 Bb7 10. f4 Rc8 11. Rc1 Qc7 12. Nxd7 Nxd7 13. dxc5 bxc5 14. Bxh7+ Kxh7 15. Qh5+ Kg8 16. Bxg7 Kxg7 17. Qg4+ Kh8 18. Rf3 Nf6 19. Rh3+ Nh7 20. Qh5 Bh4 21. Qxh4 f6 22. Nf3 Qf7 23. Qh6 Rg8 24. Nh4 Qg7 25. Qh5 Qg4 26. Qh6 Qg7 27. Qh5 Qg4 28. Qh6 Qg7 1/2-1/2

[Event "Fagernes Chess Open 2024"]
[Site "Fagernes"]
[Date "2024.03.27"]
[Round "5.9"]
[White "Vreugdenhil, Maarten"]
[Black "Nordahl, Frederik"]
[Result "1/2-1/2"]
[ECO "A57"]
[WhiteElo "1721"]
[BlackElo "1675"]
[Annotator "NA RC"]
[PlyCount "34"]
[EventDate "2024.03.25"]
[EventType "swiss"]
[EventCountry "NOR"]
[SourceTitle "playchess.com"]
[Source "ChessBase"]
[SourceQuality "1"]
[TimeControl "40/6000+30:2400+30"]

1. d4 Nf6 2. c4 c5 3. d5 b5 4. cxb5 a6 5. e3 d6 6. a4 g6 7. Nc3 Bg7 8. Be2 Qa5 9. Bd2 O-O 10. Nf3 axb5 11. Nxb5 Qb6 12. Bc3 Bb7 13. Bc4 Na6 14. O-O Qd8 15. Qb3 Qd7 16. Rfd1 Rfb8 17. Rab1 Qg4 1/2-1/2

[Event "Fagernes Chess Open 2024"]
[Site "Fagernes"]
[Date "2024.03.28"]
[Round "6.1"]
[White "Strand, Amund Pihl"]
[Black "Ali, Karim"]
[Result "1-0"]
[ECO "A17"]
[WhiteElo "1860"]
[BlackElo "1855"]
[Annotator "NA RC"]
[PlyCount "133"]
[EventDate "2024.03.25"]
[EventType "swiss"]
[EventCountry "NOR"]
[SourceTitle "playchess.com"]
[Source "ChessBase"]
[SourceQuality "1"]
[TimeControl "40/6000+30:2400+30"]

1. c4 e6 2. Nc3 Nf6 3. Nf3 d5 4. e3 Bd6 5. b3 O-O 6. Bb2 Qe7 7. d4 Ba3 8. Qc1 Bxb2 9. Qxb2 a5 10. Bd3 c5 $14 11. cxd5 cxd4 12. Nxd4 exd5 13. O-O Nc6 14. Nxc6 bxc6 15. Na4 Ba6 16. Rfd1 Bxd3 17. Rxd3 Rab8 18. Qc3 Ne4 19. Qxa5 Nxf2 20. Rc3 Ng4 21. h3 Ne5 22. Qc5 Qg5 23. Rf1 Rbe8 24. Qd4 f5 25. Qf4 Qf6 26. Qd4 g5 27. Nc5 Re7 28. Nd3 Nxd3 29. Qxd3 Qe6 30. a4 f4 31. exf4 Rxf4 32. Rfc1 Re4 33. Rxc6 Re1+ 34. Rxe1 Qxe1+ 35. Kh2 Qe5+ 36. Kg1 Qa1+ 37. Kh2 Qe5+ 38. Qg3 Qxg3+ 39. Kxg3 Re3+ 40. Kg4 Rxb3 41. Kxg5 Rg3+ 42. Kf6 h5 43. Rc2 Ra3 44. Kg5 Rxa4 45. Kxh5 Kf7 46. Kg5 Ke6 47. Re2+ Kd6 48. h4 d4 49. h5 Kd5 50. h6 d3 51. Re8 Ra7 52. Rd8+ Ke4 53. g4 Ra5+ 54. Kg6 Ra6+ 55. Kg7 d2 56. h7 Ra7+ 57. Kh6 Ra6+ 58. Kh5 Ra5+ 59. Kg6 Ra6+ 60. Kg7 Ra7+ 61. Kg8 Ra8 62. Rxa8 d1=Q 63. h8=Q Qd5+ 64. Kh7 Qb7+ 65. Kg6 Qc6+ 66. Kh5 Qc5+ 67. g5 1-0

[Event "Fagernes Chess Open 2024"]
[Site "Fagernes"]
[Date "2024.03.28"]
[Round "6.2"]
[White "Hausken, Andreas Skrede"]
[Black "Halvorsen, Benjamin"]
[Result "1-0"]
[ECO "B22"]
[WhiteElo "1963"]
[BlackElo "1848"]
[Annotator "NA RC"]
[PlyCount "135"]
[EventDate "2024.03.25"]
[EventType "swiss"]
[EventCountry "NOR"]
[SourceTitle "playchess.com"]
[Source "ChessBase"]
[SourceQuality "1"]
[TimeControl "40/6000+30:2400+30"]

1. e4 c5 2. c3 d5 3. exd5 Nf6 4. Qa4+ Nbd7 5. Qb3 g6 6. Nf3 {[%emt 0:00:04] B22: Sizilianisch (Alapin 2.c3).} Bg7 7. Be2 O-O 8. O-O b6 9. d3 Bb7 10. c4 e6 11. dxe6 fxe6 12. Nc3 Qe7 13. Ng5 Ne5 14. Nce4 Nxe4 15. dxe4 h6 16. Nf3 Bxe4 17. Nxe5 Bxe5 18. Qe3 Qb7 19. Bg4 $11 Bf4 20. Bxe6+ Kh7 21. Qh3 Rae8 22. Bxf4 Rxf4 23. Rfe1 Ref8 24. Rad1 Bf5 25. Qe3 Bxe6 26. Qxe6 R8f7 27. f3 R4f6 28. Qe8 Qc6 29. Rd8 Qxe8 30. Rexe8 g5 31. h4 gxh4 32. Kh2 Rg7 33. Re4 Rff7 34. b3 Rd7 35. Rxd7 Rxd7 36. Kh3 Kg6 37. Kxh4 Rd2 38. g4 Rxa2 39. Re6+ Kg7 40. Kg3 Ra3 41. Re3 b5 42. Kf4 bxc4 43. bxc4 Ra4 44. Rc3 Kf6 45. Ke4 Ke6 46. f4 Ra1 47. Rh3 Re1+ 48. Kf3 Rf1+ 49. Ke3 Re1+ 50. Kf2 Re4 51. Rxh6+ Kf7 52. Kf3 Rxc4 53. Ra6 Rc1 54. Ke4 Re1+ 55. Kf5 Re7 56. Rc6 a5 57. Rxc5 Ra7 58. g5 a4 59. g6+ Kg7 60. Kg5 a3 61. f5 Ra8 62. f6+ Kg8 63. g7 Kh7 64. Rc1 Ra5+ 65. Kg4 Ra8 66. Rh1+ Kg6 67. Rh8 Rb8 68. Rh1 1-0

[Event "Fagernes Chess Open 2024"]
[Site "Fagernes"]
[Date "2024.03.28"]
[Round "6.4"]
[White "Brattgjerd, August Minh"]
[Black "Andersen, Dag"]
[Result "1-0"]
[ECO "A45"]
[WhiteElo "1689"]
[BlackElo "1899"]
[Annotator "NA RC"]
[PlyCount "52"]
[EventDate "2024.03.25"]
[EventType "swiss"]
[EventCountry "NOR"]
[SourceTitle "playchess.com"]
[Source "ChessBase"]
[SourceQuality "1"]
[TimeControl "40/6000+30:2400+30"]

1. d4 Nf6 2. Bf4 e6 3. e3 c5 4. c3 cxd4 5. exd4 Nc6 6. Bd3 {[%emt 0:00:26] A45: Trompowsky Attack.} b6 7. Nd2 Bb7 8. Ngf3 d6 9. O-O Be7 10. Re1 O-O 11. Ne4 Nxe4 12. Bxe4 Qd7 13. d5 Nd8 14. dxe6 fxe6 15. Bxb7 Nxb7 16. Bg3 Rad8 17. Qe2 e5 18. Rad1 Qc8 19. Qc2 Rf7 20. Bh4 Bxh4 21. Nxh4 Nc5 22. Nf3 Ne6 23. Qb3 Kh8 $18 (23... e4 $11 {and Black stays safe.} 24. Qd5 (24. Rxe4 Nc5 $17) 24... Nf4 25. Qxe4 d5) 24. Nxe5 dxe5 25. Qxe6 Rfd7 26. Rxd7 Rxd7 1-0

[Event "Fagernes Chess Open 2024"]
[Site "Fagernes"]
[Date "2024.03.28"]
[Round "6.5"]
[White "Rolstad, Morten"]
[Black "Spanton, Tim R"]
[Result "1-0"]
[ECO "C65"]
[WhiteElo "1879"]
[BlackElo "1876"]
[Annotator "NA RC"]
[PlyCount "57"]
[EventDate "2024.03.25"]
[EventType "swiss"]
[EventCountry "NOR"]
[SourceTitle "playchess.com"]
[Source "ChessBase"]
[SourceQuality "1"]
[TimeControl "40/6000+30:2400+30"]

1. e4 e5 2. Nf3 Nc6 3. Bb5 Nf6 4. d3 Bc5 5. Bxc6 dxc6 6. Nbd2 Qe7 7. Nc4 Nd7 8. Bd2 f6 9. Qe2 Nf8 10. Ne3 Ne6 11. Nf5 Qf7 12. a4 a5 13. O-O b6 14. c3 Ba6 15. Rfd1 $17 Rd8 16. Be3 O-O 17. Qc2 Bxe3 18. fxe3 c5 19. d4 cxd4 20. cxd4 exd4 21. exd4 Nf4 22. Qd2 Ne2+ 23. Kf2 Nxd4 24. N3xd4 c5 25. Qf4 cxd4 26. Rac1 Qb3 27. Rc7 g5 28. Rg7+ Kh8 29. Qc7 1-0

[Event "Fagernes Chess Open 2024"]
[Site "Fagernes"]
[Date "2024.03.28"]
[Round "6.6"]
[White "Kuzmenko, Mykhailo"]
[Black "Sushrutha, Reddy"]
[Result "0-1"]
[ECO "D02"]
[WhiteElo "1747"]
[BlackElo "1707"]
[Annotator "NA RC"]
[PlyCount "134"]
[EventDate "2024.03.25"]
[EventType "swiss"]
[EventCountry "NOR"]
[SourceTitle "playchess.com"]
[Source "ChessBase"]
[SourceQuality "1"]
[TimeControl "40/6000+30:2400+30"]

1. d4 Nf6 2. Bf4 g6 3. e3 Bg7 4. Nf3 O-O 5. h3 c5 6. c3 cxd4 7. exd4 d5 8. Be2 Nbd7 9. O-O Ne4 10. Nbd2 Ndf6 11. Re1 Bf5 12. Qb3 Nd6 13. Bf1 Re8 14. a4 b6 15. Ne5 a6 16. Qb4 Bf8 17. Nc6 Qc7 18. Ne5 Nd7 19. Nxd7 Bxd7 20. Bxd6 exd6 21. Rxe8 Bxe8 22. Qb3 Bh6 23. Nf3 Bc6 24. Qc2 Qd7 25. Qb3 Qd8 26. Re1 Qc7 27. Ra1 Bb7 28. Nh2 Re8 29. Ng4 Bg5 30. g3 h5 31. Nh2 h4 32. g4 f5 33. Bg2 Qc6 34. gxf5 gxf5 35. c4 Qc7 36. cxd5 Bc8 37. Qd3 Qg7 38. Nf3 Bf6 39. Rc1 Kh8 40. Kh2 Qh6 41. Rd1 Qf4+ 42. Kh1 Bb7 43. Qb3 Bd8 44. Qc4 Re7 45. b4 Kg7 46. b5 a5 47. Qa2 Bc8 48. Qd2 Qxd2 49. Rxd2 Rc7 50. Ne1 Rc1 51. Re2 Bf6 52. Kh2 Bxd4 53. f4 Kf7 54. Nf3 Bf6 55. Ne1 Ra1 56. Bf3 Bd7 57. Bh5+ Kf8 58. Nf3 Rxa4 59. Ng5 Rxf4 60. Ne6+ Bxe6 61. dxe6 Be5 62. Kg2 Ke7 63. Bf7 Rb4 64. Rc2 Rb2 65. Rxb2 Bxb2 66. Kf3 a4 67. Bg6 a3 0-1

[Event "Fagernes Chess Open 2024"]
[Site "Fagernes"]
[Date "2024.03.28"]
[Round "6.7"]
[White "Lahlum, Ida"]
[Black "Nordahl, Christine"]
[Result "0-1"]
[ECO "A08"]
[WhiteElo "1755"]
[BlackElo "1673"]
[Annotator "NA RC"]
[PlyCount "92"]
[EventDate "2024.03.25"]
[EventType "swiss"]
[EventCountry "NOR"]
[SourceTitle "playchess.com"]
[Source "ChessBase"]
[SourceQuality "1"]
[TimeControl "40/6000+30:2400+30"]

1. Nf3 c5 2. g3 Nc6 3. Bg2 d5 4. d3 Nf6 5. O-O e6 6. Bg5 Be7 7. Nbd2 h6 8. Bxf6 Bxf6 9. c3 O-O 10. e4 Qb6 11. Qc2 Rd8 12. Rfe1 Qc7 13. Rad1 d4 14. Nc4 b5 15. e5 Be7 16. Ncd2 Rb8 17. cxd4 Nxd4 18. Nxd4 Rxd4 19. Nb3 Rd7 20. Qe2 Bb7 21. Rc1 Bxg2 22. Kxg2 Qc6+ 23. Kg1 Rbd8 24. Red1 Qb6 25. Rd2 Bg5 26. Nxc5 Rc7 27. b4 Bxd2 28. Qxd2 Rd5 29. d4 Rc8 30. Rd1 Rcd8 31. Qc3 Rxe5 32. f4 Red5 33. Qe3 a5 34. a3 axb4 35. axb4 Qa7 36. Qc3 Ra8 37. Qd3 Qa2 38. Qe4 Qb2 39. Nd3 Qxd4+ 40. Qxd4 Rxd4 41. Kf2 Ra2+ 42. Ke3 Rd5 43. h3 f6 44. Ke4 Ra4 45. Rc1 Ra3 46. Nc5 f5# 0-1